 Dungeon Crawl Stone Soup version 0.23.2-40-g277498a (webtiles) character file.

Game seed: 5066376815519857238

108 Aphrodieselac the Charmwright (level 4, -5/33 HPs)
             Began as a Merfolk Skald on Oct 11, 2019.
             Killed from afar by an orc wizard (12 damage)
             ... with a puff of frost
             ... on level 3 of the Dungeon.
             The game lasted 00:07:58 (1619 turns).

Aphrodieselac the Charmwright (Merfolk Skald)       Turns: 1619, Time: 00:07:59

Health: -5/33      AC:  4    Str: 11    XL:     4   Next: 87%
Magic:  4/7        EV: 12    Int: 13    God:
Gold:   40         SH:  0    Dex: 13    Spells: 2/7 levels left

rFire    . . .     SeeInvis .   a - +0 spear
rCold    . . .     Gourm    .   (no shield)
rNeg     . . .     Faith    .   b - +0 leather armour
rPois    .         Spirit   .   t - +0 helmet
rElec    .         Reflect  .   (no cloak)
rCorr    .         Harm     .   (no gloves)
MR       .....                  (no boots)
Stlth    +.........             (no amulet)
HPRegen  0.11/turn              (no ring)
MPRegen  0.10/turn              (no ring)

@: no status effects
A: change form in water, swift swim, stealthy swim
a: no special abilities


You were on level 3 of the Dungeon.
You were not hungry.

You visited 1 branch of the dungeon, and saw 4 of its levels.

You collected 40 gold pieces.

Inventory:

Hand Weapons
 a - a +0 spear (weapon)
 j - a +0 hunting sling
Missiles
 l - 20 poisoned needles
Armour
 b - a +0 leather armour (worn)
 t - a +0 helmet (worn)
Jewellery
 i - an uncursed amulet of the acrobat {unknown}
Scrolls
 e - a scroll of teleportation {unknown}
 f - 2 scrolls of fog {unknown}
 n - a scroll of amnesia {unknown}
 o - a scroll of enchant weapon {unknown}
 p - 2 scrolls of immolation {unknown}
Potions
 c - a potion of brilliance {unknown}
 g - a potion of haste {unknown}
 h - a potion of lignification {unknown}
 k - a potion of degeneration {unknown}
 q - 2 potions of heal wounds {unknown}
 r - a potion of agility {unknown}
 s - a potion of curing {unknown}
Comestibles
 d - 5 rations
 m - 2 chunks of flesh


   Skills:
 - Level 2.1 Fighting
 + Level 4.7 Polearms
 - Level 0.6 Armour
 - Level 2.6 Dodging
 - Level 2.0 Spellcasting
 * Level 5.2 Charms


You had 2 spell levels left.
You knew the following spells:

 Your Spells              Type           Power        Failure   Level  Hunger
a - Infusion              Chrm           ##..         4%          1    ##.....
b - Song of Slaying       Chrm           ##......     6%          2    ###....
c - Shroud of Golubria    Chrm/Tloc      #.........   17%         2    ###....

Your spell library contained the following spells:

 Spells                   Type           Power        Failure   Level  Hunger
 Regeneration             Chrm/Necr      #.........   34%         3    ####...
 Spectral Weapon          Hex/Chrm       #.......     34%         3    ####...


Dungeon Overview and Level Annotations

Branches:
Dungeon (4/15)
 Temple: D:4-7

Altars:


Message History

The tomahawk hits you but does no damage.
You see here a tomahawk.
Your song is almost over.
The orc wizard casts a spell.
The orc wizard seems to speed up.
The orc throws a tomahawk.
The tomahawk hits you.
You see here a tomahawk.
Your song has ended.
The orc wizard gestures at you while chanting.
The puff of flame hits you.
The orc throws a tomahawk.
The tomahawk closely misses you.
You see here a tomahawk.
The orc priest invokes the aid of Beogh against you.
Beogh smites you!
* * * LOW HITPOINT WARNING * * *
The orc wizard barely misses you.
The orc priest looks satisfied for a moment.
The orc wizard points at you and mumbles some strange words.
The puff of frost hits you!
You die...

... ... ... #..
#.# ..# #.# #.#
#.# #.# #.# #.#
#.# #@# #.#
#o###.##
#..#...##
#.######......#
..............#
#.#.####...(..#
#.#..(.#
#.##o#o#
#.##)#.#


You could see an orc priest, an orc wizard and an orc.

Vanquished Creatures
  Robin (D:3)
  4 adders
  An ooze (D:2)
  A dart slug (D:1)
  3 leopard geckos
  An orc (D:3)
  8 goblins
  5 hobgoblins
  8 jackals
  8 ball pythons
  2 bats (D:2)
  2 frilled lizards (D:2)
  3 kobolds
  2 rats (D:1)
49 creatures vanquished.

Notes
Turn   | Place    | Note
-------+----------+-------------------------------------------
     0 | D:1      | Aphrodieselac the Merfolk Skald began the quest for the
                  | Orb.
     0 | D:1      | Reached XP level 1. HP: 16/16 MP: 3/3
   229 | D:1      | Reached XP level 2. HP: 17/22 MP: 0/5
   403 | D:2      | Learned a level 2 spell: Song of Slaying
   429 | D:1      | Reached skill level 4 in Charms
   444 | D:1      | Learned a level 2 spell: Shroud of Golubria
   767 | D:2      | You fall through a shaft for 2 floors!
   967 | D:4      | Reached XP level 3. HP: 27/27 MP: 0/6
  1071 | D:2      | Reached XP level 4. HP: 20/33 MP: 1/7
  1433 | D:2      | Reached skill level 5 in Charms
  1521 | D:3      | Noticed Robin
  1533 | D:3      | Killed Robin
  1619 | D:3      | Killed from afar by an orc wizard

Skill      XL: |  1  2  3  4 |
---------------+-------------+-----
Charms         | 4 5 |  5.2
Polearms       | 4 |  4.7
Fighting       | |  2.1
Armour         | |  0.6
Dodging        | |  2.6
Spellcasting   | |  2.0

Action                   |  1- 3 |  4- 6 || total
-------------------------+-------+-------++-------
Melee: Spear             |    87 |    85 ||   172
 Cast: Infusion          |     4 |     2 ||     6
       Shroud of Golubri |     3 |     2 ||     5
       Song of Slaying   |     2 |     3 ||     5
  Eat: Chunk             |     1 |     2 ||     3
Armor: Leather armour    |    27 |    13 ||    40
Dodge: Dodged            |    61 |    32 ||    93
